[Event "GER-chW Blitz 2019"]
[Site "Magdeburg"]
[Date "2019.05.25"]
[Round "19.1"]
[White "Lubbe, Melanie"]
[Black "Roesler, Hannah Clara Hed"]
[Result "1-0"]
[ECO "A45"]
[WhiteElo "2278"]
[BlackElo "1619"]
[Annotator "NA"]
[PlyCount "69"]
[EventDate "2019.05.25"]
[EventType "tourn"]
[EventCountry "GER"]
[SourceTitle "playchess.com"]
[Source "ChessBase"]
[SourceQuality "1"]
[TimeControl "180+2"]

1. d4 Nf6 2. Nc3 d5 3. Bf4 e6 4. Nb5 Na6 5. e3 c6 6. Nc3 Nb8 7. a3 Bd6 8. Nge2 O-O 9. Bg5 Nbd7 10. h4 h6 11. Bf4 e5 12. Bh2 Ng4 13. Bg3 Ndf6 14. dxe5 Bxe5 15. Qd2 Bf5 16. O-O-O Qb6 17. Bxe5 Nxe5 18. Nd4 Bh7 19. f3 Nc4 20. Bxc4 dxc4 21. g4 Rad8 22. Qf2 Qa5 23. Rhg1 b5 24. g5 b4 25. axb4 Qa1+ 26. Nb1 Nd5 27. Nxc6 Rd7 28. e4 Nb6 29. Rxd7 Nxd7 30. gxh6 g6 31. Ne7+ Kh8 32. Qd4+ f6 33. Qxd7 c3 34. Nxg6+ Kg8 35. Qg7# 1-0

[Event "GER-chW Blitz 2019"]
[Site "Magdeburg"]
[Date "2019.05.25"]
[Round "19.2"]
[White "Ries, Jutta"]
[Black "Fuchs, Judith"]
[Result "1-0"]
[ECO "A03"]
[WhiteElo "2017"]
[BlackElo "2218"]
[Annotator "NA"]
[PlyCount "41"]
[EventDate "2019.05.25"]
[EventType "tourn"]
[EventCountry "GER"]
[SourceTitle "playchess.com"]
[Source "ChessBase"]
[SourceQuality "1"]
[TimeControl "180+2"]

1. f4 d5 2. Nf3 c5 3. b3 Nc6 4. Bb2 Nf6 5. e3 e6 6. Bb5 Bd7 7. O-O Qc7 8. Bxc6 Bxc6 9. Ne5 Bb5 10. d3 Nd7 11. c4 Bc6 12. Nxc6 Qxc6 13. Nd2 f6 14. Qf3 Bd6 15. f5 Ne5 16. Bxe5 Bxe5 17. Rac1 Qd6 18. fxe6 Bxh2+ 19. Kh1 Rd8 20. Qh5+ Ke7 21. Qf7# 1-0

[Event "GER-chW Blitz 2019"]
[Site "Magdeburg"]
[Date "2019.05.25"]
[Round "19.3"]
[White "Kushka, Alena"]
[Black "Kotyk, Valeriya"]
[Result "1-0"]
[ECO "A57"]
[WhiteElo "2148"]
[BlackElo "1739"]
[Annotator "NA"]
[PlyCount "79"]
[EventDate "2019.05.25"]
[EventType "tourn"]
[EventCountry "GER"]
[SourceTitle "playchess.com"]
[Source "ChessBase"]
[SourceQuality "1"]
[TimeControl "180+2"]

1. d4 Nf6 2. c4 c5 3. d5 b5 4. cxb5 a6 5. f3 d6 6. e4 axb5 7. Bxb5+ Bd7 8. Bxd7+ Nbxd7 9. Ne2 g6 10. O-O Bg7 11. Nec3 O-O 12. a4 Qb6 13. Nb5 Ne5 14. Kh1 c4 15. N1c3 Nd3 16. Qe2 Nd7 17. Be3 Qb7 18. b3 N3e5 19. bxc4 Rfc8 20. Bd4 Nxc4 21. Bxg7 Kxg7 22. f4 Ndb6 23. Nd4 Qa6 24. e5 dxe5 25. fxe5 Na5 26. Qf3 Rf8 27. Ncb5 Rac8 28. e6 f6 29. d6 exd6 30. Nxd6 Rc7 31. N4b5 Rc5 32. e7 Ra8 33. e8=Q Rxe8 34. Nxe8+ Kf7 35. Qxf6+ Kxe8 36. Rae1+ Kd7 37. Qd6+ Kc8 38. Qxc5+ Kb8 39. Qc7+ Ka8 40. Rf8+ 1-0

[Event "GER-chW Blitz 2019"]
[Site "Magdeburg"]
[Date "2019.05.25"]
[Round "19.4"]
[White "Schulze, Lara"]
[Black "Silz, Elisa"]
[Result "1-0"]
[ECO "B90"]
[WhiteElo "2160"]
[BlackElo "1977"]
[Annotator "NA"]
[PlyCount "129"]
[EventDate "2019.05.25"]
[EventType "tourn"]
[EventCountry "GER"]
[SourceTitle "playchess.com"]
[Source "ChessBase"]
[SourceQuality "1"]
[TimeControl "180+2"]

1. e4 c5 2. Nf3 d6 3. d4 cxd4 4. Nxd4 Nf6 5. Nc3 a6 6. Bc4 e6 7. Bb3 Be7 8. O-O O-O 9. Qf3 Nc6 10. Nxc6 bxc6 11. e5 Nd5 12. exd6 Bxd6 13. Ne4 Be7 14. Rd1 Qc7 15. c4 Nf6 16. Be3 Bb7 17. c5 Rad8 18. Nxf6+ Bxf6 19. Qe2 a5 20. Bc4 Qe5 21. Rab1 Rxd1+ 22. Qxd1 Rd8 23. Qe1 Qe4 24. Be2 a4 25. Bf3 Qd3 26. Rd1 Qc2 27. Rxd8+ Bxd8 28. Qc1 Qxc1+ 29. Bxc1 Bf6 30. Bd1 a3 31. bxa3 Bd4 32. Be3 Bb2 33. a4 Ba6 34. Bf3 Bb7 35. Kf1 Kf8 36. Ke2 Ke7 37. Kd2 Kd7 38. Kc2 Bf6 39. Be2 Bd8 40. Kc3 Ba5+ 41. Kc2 e5 42. Bd2 Bxd2 43. Kxd2 Ke6 44. Bc4+ Kf6 45. a5 e4 46. Ke3 Ke5 47. a6 Ba8 48. a4 f5 49. f4+ exf3 50. gxf3 f4+ 51. Kd3 g5 52. Bf7 h6 53. Bh5 Kd5 54. Bg4 Kxc5 55. a5 Kb4 56. Bc8 Kxa5 57. Bb7 Kb6 58. Bxa8 Kxa6 59. Bxc6 h5 60. Bd7 Kb6 61. Ke4 Kc7 62. Be8 Kd8 63. Bxh5 Ke7 64. Kf5 Kf8 65. Kxg5 1-0

[Event "GER-chW Blitz 2019"]
[Site "Magdeburg"]
[Date "2019.05.25"]
[Round "19.5"]
[White "Braje, Monika"]
[Black "Rath, Alina"]
[Result "0-1"]
[ECO "B21"]
[WhiteElo "1781"]
[BlackElo "2042"]
[Annotator "NA"]
[PlyCount "82"]
[EventDate "2019.05.25"]
[EventType "tourn"]
[EventCountry "GER"]
[SourceTitle "playchess.com"]
[Source "ChessBase"]
[SourceQuality "1"]
[TimeControl "180+2"]

1. e4 c5 2. d4 cxd4 3. c3 d5 4. exd5 Qxd5 5. Nf3 Nf6 6. Qxd4 Qxd4 7. Nxd4 a6 8. Bc4 e6 9. O-O Be7 10. Nd2 O-O 11. N2f3 b5 12. Bb3 Bb7 13. Bf4 Nbd7 14. Rad1 Nc5 15. Bc2 Bd5 16. a3 h6 17. h3 Rfe8 18. Rfe1 Rac8 19. Rd2 Nb7 20. Bb1 Na5 21. Rde2 Bf8 22. Be5 Nd7 23. Bg3 Nc4 24. Ba2 Nf6 25. Bh4 Red8 26. Bxf6 gxf6 27. Nh2 Kg7 28. Bb1 Rb8 29. Ng4 Bd6 30. Ne3 Nxe3 31. Rxe3 a5 32. Ne2 b4 33. axb4 axb4 34. cxb4 Rxb4 35. Nc3 Ba8 36. Nd1 Bf4 37. Ra3 Be5 38. Nc3 Rxb2 39. Na4 Rbd2 40. Nb6 Bc6 41. Nc4 Rd1 0-1

[Event "GER-chW Blitz 2019"]
[Site "Magdeburg"]
[Date "2019.05.25"]
[Round "19.7"]
[White "Zimmer, Elke"]
[Black "Hofmann, Karina"]
[Result "1-0"]
[ECO "B00"]
[WhiteElo "1926"]
[BlackElo "1700"]
[Annotator "NA"]
[PlyCount "124"]
[EventDate "2019.05.25"]
[EventType "tourn"]
[EventCountry "GER"]
[SourceTitle "playchess.com"]
[Source "ChessBase"]
[SourceQuality "1"]
[TimeControl "180+2"]

1. e4 b6 2. d4 Bb7 3. Nc3 g6 4. Nf3 Bg7 5. Be2 d6 6. Be3 Nd7 7. Qd2 e6 8. O-O Ngf6 9. Bh6 Nxe4 10. Nxe4 Bxh6 11. Qxh6 Bxe4 12. Qg7 Qf6 13. Qxf6 Nxf6 14. c3 O-O-O 15. Rfe1 d5 16. Nd2 h5 17. f3 Bf5 18. a4 a5 19. b4 axb4 20. cxb4 Kb7 21. a5 Rd6 22. Nb3 Bc2 23. axb6 Bxb3 24. bxc7 Bc4 25. Bd1 Rc6 26. b5 Rxc7 27. Ba4 Nd7 28. Reb1 Nb6 29. Bd1 Rhc8 30. g4 hxg4 31. fxg4 Bd3 32. Rb3 Bc4 33. Rf3 Ra8 34. Rxa8 Nxa8 35. Kf2 Bxb5 36. Bc2 Nb6 37. h4 Nc4 38. h5 gxh5 39. gxh5 Nd6 40. h6 f5 41. Re3 Ne4+ 42. Bxe4 dxe4 43. Rh3 Rh7 44. Ke3 Kc6 45. Kf4 Kd5 46. Kg5 Kxd4 47. Kg6 Rd7 48. h7 Rxh7 49. Rxh7 f4 50. Rb7 Bc4 51. Rd7+ Bd5 52. Kg5 f3 53. Kg4 Ke3 54. Ra7 f2 55. Rf7 Ke2 56. Kf4 e3 57. Ke5 Bg2 58. Rd7 f1=Q 59. Ra7 Qf5+ 60. Kd6 Qd5+ 61. Ke7 Qc5+ 62. Kf6 Qxa7 1-0

[Event "GER-chW Blitz 2019"]
[Site "Magdeburg"]
[Date "2019.05.25"]
[Round "19.8"]
[White "Kopylov, Luba"]
[Black "Siegl, Melina"]
[Result "0-1"]
[ECO "A80"]
[WhiteElo "2078"]
[BlackElo "2029"]
[Annotator "NA"]
[PlyCount "62"]
[EventDate "2019.05.25"]
[EventType "tourn"]
[EventCountry "GER"]
[SourceTitle "playchess.com"]
[Source "ChessBase"]
[SourceQuality "1"]
[TimeControl "180+2"]

1. d4 f5 2. Bg5 d6 3. e3 g6 4. c3 Bg7 5. Nd2 c6 6. Bd3 Nf6 7. Qc2 O-O 8. Ngf3 Qe8 9. O-O-O e5 10. dxe5 dxe5 11. Bc4+ Kh8 12. h4 b5 13. Bb3 Nh5 14. Nf1 Nd7 15. Ng3 Nxg3 16. fxg3 h6 17. h5 Nc5 18. hxg6 Nxb3+ 19. Qxb3 Qxg6 20. Be7 Be6 21. Nh4 Qf7 22. Qb4 Rfe8 23. Bc5 a5 24. Qa3 b4 25. cxb4 axb4 26. Qd3 Rxa2 27. g4 e4 28. gxf5 exd3 29. Ng6+ Kh7 30. fxe6 Qxg6 31. Rd2 Ra1# 0-1

[Event "GER-chW Blitz 2019"]
[Site "Magdeburg"]
[Date "2019.05.25"]
[Round "19.9"]
[White "Gheng, Simona"]
[Black "Muetsch, Annmarie"]
[Result "1-0"]
[ECO "B20"]
[WhiteElo "1991"]
[BlackElo "2266"]
[Annotator "NA"]
[PlyCount "111"]
[EventDate "2019.05.25"]
[EventType "tourn"]
[EventCountry "GER"]
[SourceTitle "playchess.com"]
[Source "ChessBase"]
[SourceQuality "1"]
[TimeControl "180+2"]

1. e4 c5 2. c4 Nc6 3. Nc3 g6 4. g3 Bg7 5. Bg2 Nf6 6. d3 d6 7. Nge2 O-O 8. O-O Bg4 9. f3 Bd7 10. f4 a6 11. a3 Ne8 12. Rb1 Nd4 13. Nxd4 Bxd4+ 14. Kh1 Rb8 15. Ne2 Bg7 16. f5 e6 17. fxg6 hxg6 18. Nf4 Nf6 19. Bd2 b5 20. b4 bxc4 21. dxc4 Bc6 22. Qe2 Qc7 23. Nd3 Nd7 24. Bf4 Ne5 25. Nxe5 dxe5 26. Be3 cxb4 27. axb4 Qb7 28. Bc5 Rfd8 29. Rfd1 Bf6 30. Bd6 Rbc8 31. b5 Be8 32. b6 Bc6 33. Bc7 Rd4 34. Rxd4 exd4 35. e5 Bd8 36. Bxd8 Rxd8 37. Bxc6 Qxc6+ 38. Qg2 Qxc4 39. b7 Rb8 40. Qe4 a5 41. Rb6 a4 42. Qb1 a3 43. Kg2 a2 44. Qa1 d3 45. Rb2 Qd5+ 46. Kh3 Rxb7 47. Rxb7 Qxb7 48. Qxa2 Qe4 49. Qa3 Kg7 50. Qd6 Qf5+ 51. Kg2 Qe4+ 52. Kh3 Qe2 53. Qd8 Qf3 54. Qe7 d2 55. Qd8 d1=Q 56. Qxd1 1-0

[Event "GER-chW Blitz 2019"]
[Site "Magdeburg"]
[Date "2019.05.25"]
[Round "19.10"]
[White "Kunze, Kerstin"]
[Black "Michna, Marta"]
[Result "0-1"]
[ECO "C01"]
[WhiteElo "2066"]
[BlackElo "2355"]
[Annotator "NA"]
[PlyCount "74"]
[EventDate "2019.05.25"]
[EventType "tourn"]
[EventCountry "GER"]
[SourceTitle "playchess.com"]
[Source "ChessBase"]
[SourceQuality "1"]
[TimeControl "180+2"]

1. e4 e6 2. d4 d5 3. exd5 exd5 4. c4 Bb4+ 5. Nc3 Nc6 6. Nf3 Nf6 7. Be2 O-O 8. O-O Bg4 9. cxd5 Nxd5 10. Qb3 Be6 11. Nxd5 Bxd5 12. Qa4 a6 13. Be3 Qf6 14. Rac1 Bd6 15. h3 Rfe8 16. a3 h6 17. Qc2 Bf4 18. Qd2 Bd6 19. Ne1 Rad8 20. Bf3 Bf8 21. Bxd5 Rxd5 22. Nf3 Red8 23. Rc4 Bd6 24. Qc3 Ne7 25. Ne5 b5 26. Rxc7 Bxc7 27. Qxc7 Qd6 28. Qc3 Ng6 29. Nd3 Re8 30. Qa5 Qf6 31. Rc1 Nh4 32. Ne1 Qg6 33. Qc7 Rd6 34. Kh1 Rf6 35. Qd7 Nf5 36. Qxe8+ Kh7 37. Qe5 Re6 0-1

[Event "GER-chW Blitz 2019"]
[Site "Magdeburg"]
[Date "2019.05.25"]
[Round "19.11"]
[White "Kreismann, Franziska"]
[Black "Osmanodja, Filiz"]
[Result "0-1"]
[ECO "E50"]
[WhiteElo "1589"]
[BlackElo "2260"]
[Annotator "NA"]
[PlyCount "44"]
[EventDate "2019.05.25"]
[EventType "tourn"]
[EventCountry "GER"]
[SourceTitle "playchess.com"]
[Source "ChessBase"]
[SourceQuality "1"]
[TimeControl "180+2"]

1. d4 Nf6 2. c4 e6 3. Nc3 Bb4 4. Nf3 O-O 5. e3 b6 6. Bd3 Bb7 7. a3 Bxc3+ 8. bxc3 d6 9. O-O Nbd7 10. Re1 e5 11. d5 e4 12. Be2 exf3 13. Bxf3 Ne5 14. Qd4 Nxf3+ 15. gxf3 Nd7 16. Kh1 Qf6 17. Qg4 Ne5 18. Qg3 Nxf3 19. Bb2 Nxe1 20. Rxe1 c6 21. Rg1 cxd5 22. cxd5 Bxd5+ {[%emt 0:00:01] c4 [%clk 0:02:25]} 0-1

[Event "GER-chW Blitz 2019"]
[Site "Magdeburg"]
[Date "2019.05.25"]
[Round "19.12"]
[White "Daemering, Katrin"]
[Black "Sieber, Fiona"]
[Result "1-0"]
[ECO "A05"]
[WhiteElo "2003"]
[BlackElo "2250"]
[Annotator "NA"]
[PlyCount "44"]
[EventDate "2019.05.25"]
[EventType "tourn"]
[EventCountry "GER"]
[SourceTitle "playchess.com"]
[Source "ChessBase"]
[SourceQuality "1"]
[TimeControl "180+2"]

1. Nf3 Nf6 2. g3 g6 3. Bg2 Bg7 4. d3 d5 5. O-O O-O 6. Nbd2 c5 7. c4 d4 8. a3 Nc6 9. Rb1 a5 10. Ne1 a4 11. b4 axb3 12. Nxb3 Qd6 13. e3 e5 14. exd4 cxd4 15. Nf3 Nd7 16. Nfd2 f5 17. Qc2 Nf6 18. c5 Qe7 19. Nc4 e4 20. Bg5 Be6 21. dxe4 h6 22. Bxf6 Bxf6 1-0

[Event "GER-chW Blitz 2019"]
[Site "Magdeburg"]
[Date "2019.05.25"]
[Round "20.1"]
[White "Roesler, Hannah Clara Hed"]
[Black "Sieber, Fiona"]
[Result "0-1"]
[ECO "B22"]
[WhiteElo "1619"]
[BlackElo "2250"]
[Annotator "NA"]
[PlyCount "48"]
[EventDate "2019.05.25"]
[EventType "tourn"]
[EventCountry "GER"]
[SourceTitle "playchess.com"]
[Source "ChessBase"]
[SourceQuality "1"]
[TimeControl "180+2"]

1. e4 c5 2. c3 Nf6 3. e5 Nd5 4. d4 cxd4 5. Nf3 Nc6 6. Bc4 e6 7. cxd4 d6 8. O-O Be7 9. a3 O-O 10. Qe2 Na5 11. Bd3 Nb3 12. Ra2 Nxc1 13. Rxc1 Nf4 14. Qc2 Nxd3 15. Qxd3 b6 16. Qe4 Rb8 17. Qg4 Bb7 18. b4 Rc8 19. Rac2 Rxc2 20. Rxc2 dxe5 21. Nxe5 Qd5 22. Nc3 Qb3 23. Qe2 Qxa3 24. b5 Rc8 0-1

[Event "GER-chW Blitz 2019"]
[Site "Magdeburg"]
[Date "2019.05.25"]
[Round "20.2"]
[White "Osmanodja, Filiz"]
[Black "Daemering, Katrin"]
[Result "1-0"]
[ECO "B34"]
[WhiteElo "2260"]
[BlackElo "2003"]
[Annotator "NA"]
[PlyCount "123"]
[EventDate "2019.05.25"]
[EventType "tourn"]
[EventCountry "GER"]
[SourceTitle "playchess.com"]
[Source "ChessBase"]
[SourceQuality "1"]
[TimeControl "180+2"]

1. e4 c5 2. Nc3 Nc6 3. Nf3 g6 4. d4 cxd4 5. Nxd4 Bg7 6. Nb3 d6 7. Be2 Nf6 8. O-O O-O 9. Bg5 a6 10. Re1 b5 11. Bf1 Be6 12. Nd5 Bxd5 13. exd5 Ne5 14. c3 Rc8 15. a4 Nc4 16. axb5 axb5 17. Bxc4 bxc4 18. Na5 Qd7 19. Nc6 e5 20. Bxf6 Bxf6 21. Re4 Qb7 22. Qe2 Qb5 23. Na7 Qxd5 24. Nxc8 Rxc8 25. Rd1 Qe6 26. Qd2 Be7 27. Qd5 Qxd5 28. Rxd5 f5 29. Re2 Kf7 30. g3 Ke6 31. Rb5 Rc6 32. f4 e4 33. Rd2 h6 34. Kf2 g5 35. Ke3 gxf4+ 36. gxf4 Ra6 37. Rdd5 Ra2 38. Rxf5 Ra1 39. Rh5 Bf8 40. Kxe4 Re1+ 41. Kf3 Rd1 42. Ke2 Rd3 43. Rb4 d5 44. Rb8 Bd6 45. Rxh6+ Kd7 46. Rb7+ Kc8 47. Rf7 Bc7 48. Rh8+ Kb7 49. Rhh7 d4 50. Rxc7+ Kb6 51. Rxc4 Re3+ 52. Kf2 Re6 53. Rxd4 Rf6 54. Kg3 Rg6+ 55. Kf3 Rf6 56. h4 Kc5 57. h5 Re6 58. h6 Rf6 59. Rh8 Kc6 60. h7 Kc7 61. Rc8+ Kxc8 62. h8=Q+ 1-0

[Event "GER-chW Blitz 2019"]
[Site "Magdeburg"]
[Date "2019.05.25"]
[Round "20.3"]
[White "Michna, Marta"]
[Black "Kreismann, Franziska"]
[Result "1-0"]
[ECO "A04"]
[WhiteElo "2355"]
[BlackElo "1589"]
[Annotator "NA"]
[PlyCount "57"]
[EventDate "2019.05.25"]
[EventType "tourn"]
[EventCountry "GER"]
[SourceTitle "playchess.com"]
[Source "ChessBase"]
[SourceQuality "1"]
[TimeControl "180+2"]

1. Nf3 c6 2. d3 d5 3. Nbd2 Bg4 4. h3 Bxf3 5. Nxf3 e6 6. g3 Nf6 7. Bg2 Bd6 8. O-O Nbd7 9. c3 b5 10. a4 a6 11. Qc2 O-O 12. e4 dxe4 13. dxe4 Bc7 14. Be3 Ne5 15. Nxe5 Bxe5 16. f4 Bc7 17. Kh2 Bb6 18. Rfd1 Qc7 19. Bd4 Bxd4 20. cxd4 Rad8 21. axb5 axb5 22. Rac1 Rc8 23. d5 exd5 24. exd5 c5 25. Qf5 Rfd8 26. d6 Rxd6 27. Rxd6 Ne8 28. Rc6 Qd8 29. Rxc8 1-0

[Event "GER-chW Blitz 2019"]
[Site "Magdeburg"]
[Date "2019.05.25"]
[Round "20.4"]
[White "Muetsch, Annmarie"]
[Black "Kunze, Kerstin"]
[Result "1-0"]
[ECO "C45"]
[WhiteElo "2266"]
[BlackElo "2066"]
[Annotator "NA"]
[PlyCount "70"]
[EventDate "2019.05.25"]
[EventType "tourn"]
[EventCountry "GER"]
[SourceTitle "playchess.com"]
[Source "ChessBase"]
[SourceQuality "1"]
[TimeControl "180+2"]

1. e4 e5 2. Nf3 Nc6 3. d4 exd4 4. Nxd4 Bc5 5. Nb3 Bb6 6. Nc3 a6 7. Qe2 Nge7 8. Bf4 d6 9. O-O-O O-O 10. f3 Ng6 11. Bg3 Qg5+ 12. Kb1 Be6 13. Nd5 Bxd5 14. Rxd5 Qf6 15. Rd1 a5 16. a4 Rfe8 17. Qd2 Rad8 18. Bb5 Nge5 19. h3 Nd7 20. Bf4 h6 21. h4 Nc5 22. h5 Nxb3 23. cxb3 Re7 24. Bxc6 bxc6 25. g4 Qe6 26. g5 hxg5 27. Bxg5 f6 28. Bf4 Qxb3 29. Qg2 Qf7 30. h6 g6 31. h7+ Kh8 32. Rh6 g5 33. Bc1 Rb8 34. Qg4 d5 35. Qf5 Re6 1-0

[Event "GER-chW Blitz 2019"]
[Site "Magdeburg"]
[Date "2019.05.25"]
[Round "20.5"]
[White "Siegl, Melina"]
[Black "Gheng, Simona"]
[Result "1-0"]
[ECO "B50"]
[WhiteElo "2029"]
[BlackElo "1991"]
[Annotator "NA"]
[PlyCount "55"]
[EventDate "2019.05.25"]
[EventType "tourn"]
[EventCountry "GER"]
[SourceTitle "playchess.com"]
[Source "ChessBase"]
[SourceQuality "1"]
[TimeControl "180+2"]

1. e4 c5 2. Nf3 d6 3. d3 Nf6 4. g3 g6 5. Bg2 Bg7 6. c3 O-O 7. O-O Nc6 8. Be3 a6 9. Re1 Bg4 10. h3 Bd7 11. Qd2 Rb8 12. Bh6 b5 13. Bxg7 Kxg7 14. d4 cxd4 15. cxd4 Qc8 16. Kh2 Qc7 17. Nc3 b4 18. Nd5 Qa7 19. Rad1 h5 20. Nxf6 Kxf6 21. Qh6 Rh8 22. e5+ dxe5 23. dxe5+ Nxe5 24. Qg5+ Kg7 25. Qxe5+ Kh7 26. Qxe7 Rb7 27. Ng5+ Kh6 28. Nxf7+ 1-0

[Event "GER-chW Blitz 2019"]
[Site "Magdeburg"]
[Date "2019.05.25"]
[Round "20.6"]
[White "Hofmann, Karina"]
[Black "Kopylov, Luba"]
[Result "0-1"]
[ECO "A02"]
[WhiteElo "1700"]
[BlackElo "2078"]
[Annotator "NA"]
[PlyCount "90"]
[EventDate "2019.05.25"]
[EventType "tourn"]
[EventCountry "GER"]
[SourceTitle "playchess.com"]
[Source "ChessBase"]
[SourceQuality "1"]
[TimeControl "180+2"]

1. f4 e6 2. Nf3 d5 3. e3 c5 4. Bb5+ Bd7 5. Bxd7+ Qxd7 6. Ne5 Qc7 7. d3 Nf6 8. Nd2 Bd6 9. Ndf3 Nc6 10. Nxc6 bxc6 11. b3 O-O 12. Bb2 Rab8 13. Qe2 d4 14. g3 Qa5+ 15. Qd2 Qxd2+ 16. Kxd2 dxe3+ 17. Kxe3 Ng4+ 18. Kd2 Rfe8 19. h3 Nh6 20. Be5 Nf5 21. g4 Bxe5 22. Nxe5 Ne7 23. Rhe1 Red8 24. Re4 Rbc8 25. Rc4 Nd5 26. Rf1 f6 27. Nf3 Nb4 28. a3 Nd5 29. Rxc5 Nxf4 30. h4 Ng2 31. Kc3 Rd5 32. Rc4 c5 33. Re4 e5 34. Nd2 Rd4 35. Rxd4 cxd4+ 36. Kb4 Ne3 37. Rc1 Rxc2 38. Rxc2 Nxc2+ 39. Ka4 Ne1 40. Ne4 Nxd3 41. g5 f5 42. Nd6 g6 43. b4 e4 44. Nc4 e3 45. Kb5 e2 0-1

[Event "GER-chW Blitz 2019"]
[Site "Magdeburg"]
[Date "2019.05.25"]
[Round "20.7"]
[White "Birkholz, Olga"]
[Black "Zimmer, Elke"]
[Result "1-0"]
[ECO "D00"]
[WhiteElo "2031"]
[BlackElo "1926"]
[Annotator "NA"]
[PlyCount "57"]
[EventDate "2019.05.25"]
[EventType "tourn"]
[EventCountry "GER"]
[SourceTitle "playchess.com"]
[Source "ChessBase"]
[SourceQuality "1"]
[TimeControl "180+2"]

1. d4 d5 2. Nc3 Nf6 3. Bf4 Bf5 4. e3 e6 5. Nf3 Bd6 6. Ne5 Nh5 7. Qxh5 Bxe5 8. Bxe5 O-O 9. Bd3 Bg6 10. Qe2 Nd7 11. Bg3 c5 12. h4 Bxd3 13. cxd3 Qb6 14. dxc5 Nxc5 15. h5 h6 16. Rh4 Nd7 17. Bf4 e5 18. Bxh6 Qxh6 19. Nxd5 Nf6 20. Ne7+ Kh8 21. Nf5 Qg5 22. e4 Rac8 23. f3 Rc1+ 24. Rxc1 Qxc1+ 25. Kf2 Rc8 26. Kg3 Qg5+ 27. Kh3 Rc1 28. Kh2 Nxh5 29. f4 1-0

[Event "GER-chW Blitz 2019"]
[Site "Magdeburg"]
[Date "2019.05.25"]
[Round "20.8"]
[White "Rath, Alina"]
[Black "Mader, Lena"]
[Result "1-0"]
[ECO "A16"]
[WhiteElo "2042"]
[BlackElo "1839"]
[Annotator "NA"]
[PlyCount "64"]
[EventDate "2019.05.25"]
[EventType "tourn"]
[EventCountry "GER"]
[SourceTitle "playchess.com"]
[Source "ChessBase"]
[SourceQuality "1"]
[TimeControl "180+2"]

1. c4 Nf6 2. Nc3 g6 3. g3 Bg7 4. Bg2 d6 5. e4 O-O 6. Nge2 c5 7. O-O Nc6 8. d3 Nd4 9. h3 Rb8 10. f4 e5 11. Be3 a6 12. Qd2 Bd7 13. fxe5 dxe5 14. Bg5 Ne6 15. Bh6 Nd4 16. Bg5 Ne6 17. Be3 b5 18. Rf2 b4 19. Nd5 Nxd5 20. exd5 Nd4 21. Bh6 Rb7 22. Bxg7 Kxg7 23. Raf1 Bf5 24. g4 Bc8 25. Ng3 Rd7 26. Ne4 a5 27. Nxc5 Rc7 28. Ne4 Rd7 29. Qe1 Qc7 30. d6 Qa7 31. c5 b3 32. axb3 Nxb3 1-0

[Event "GER-chW Blitz 2019"]
[Site "Magdeburg"]
[Date "2019.05.25"]
[Round "20.9"]
[White "Silz, Elisa"]
[Black "Braje, Monika"]
[Result "0-1"]
[ECO "D08"]
[WhiteElo "1977"]
[BlackElo "1781"]
[Annotator "NA"]
[PlyCount "56"]
[EventDate "2019.05.25"]
[EventType "tourn"]
[EventCountry "GER"]
[SourceTitle "playchess.com"]
[Source "ChessBase"]
[SourceQuality "1"]
[TimeControl "180+2"]

1. d4 d5 2. c4 e5 3. dxe5 d4 4. Nf3 Nc6 5. a3 Be6 6. Qc2 Qd7 7. Nbd2 O-O-O 8. g3 Nge7 9. Bg2 Ng6 10. b4 Bf5 11. Qa4 a6 12. O-O Ncxe5 13. Qxd7+ Rxd7 14. Nxe5 Nxe5 15. Bb2 f6 16. h3 Be6 17. Rac1 Be7 18. f4 Nc6 19. Bxc6 bxc6 20. c5 Rhd8 21. Nf3 d3 22. e4 d2 23. Rcd1 Bb3 24. Bc3 Bxd1 25. Rxd1 Rd3 26. Kf2 Rxc3 27. Nxd2 Rxa3 28. Ke2 Rxg3 0-1

[Event "GER-chW Blitz 2019"]
[Site "Magdeburg"]
[Date "2019.05.25"]
[Round "20.10"]
[White "Kotyk, Valeriya"]
[Black "Schulze, Lara"]
[Result "1-0"]
[ECO "A45"]
[WhiteElo "1739"]
[BlackElo "2160"]
[Annotator "NA"]
[PlyCount "87"]
[EventDate "2019.05.25"]
[EventType "tourn"]
[EventCountry "GER"]
[SourceTitle "playchess.com"]
[Source "ChessBase"]
[SourceQuality "1"]
[TimeControl "180+2"]

1. d4 Nf6 2. Bg5 d5 3. Bxf6 gxf6 4. e3 c5 5. c3 Nc6 6. g3 e5 7. dxc5 Bxc5 8. Bg2 Be6 9. Ne2 h5 10. h4 Qb6 11. b4 Be7 12. a4 Rd8 13. Qc2 Rc8 14. Qb2 Na5 15. Nd2 Nc4 16. Nxc4 Rxc4 17. Rd1 a5 18. Bxd5 Bxd5 19. Rxd5 axb4 20. O-O Qc6 21. Rfd1 bxc3 22. Qb5 Qxb5 23. Rxb5 c2 24. Rc1 Ba3 25. Ra1 c1=Q+ 26. Nxc1 Rxc1+ 27. Rxc1 Bxc1 28. Rxb7 O-O 29. a5 Ra8 30. Rc7 Ba3 31. Rc6 Kg7 32. a6 Be7 33. Kg2 Kf8 34. Kf3 Ke8 35. Ke4 Kd7 36. Rb6 Rc8 37. a7 Ra8 38. Ra6 Bc5 39. Rxf6 Ke7 40. Rh6 Rxa7 41. Kxe5 Ra5 42. Ke4 Bd6 43. Kf3 Rf5+ 44. Kg2 1-0

[Event "GER-chW Blitz 2019"]
[Site "Magdeburg"]
[Date "2019.05.25"]
[Round "20.11"]
[White "Fuchs, Judith"]
[Black "Kushka, Alena"]
[Result "1-0"]
[ECO "A45"]
[WhiteElo "2218"]
[BlackElo "2148"]
[Annotator "NA"]
[PlyCount "95"]
[EventDate "2019.05.25"]
[EventType "tourn"]
[EventCountry "GER"]
[SourceTitle "playchess.com"]
[Source "ChessBase"]
[SourceQuality "1"]
[TimeControl "180+2"]

1. d4 Nf6 2. Bf4 c5 3. d5 g6 4. Nc3 d6 5. e4 Bg7 6. Bb5+ Bd7 7. a4 a6 8. Be2 O-O 9. Nf3 b6 10. O-O Ra7 11. Re1 Rb7 12. Qd2 Re8 13. Bh6 Bh8 14. h3 b5 15. axb5 axb5 16. Ng5 b4 17. Nd1 Bb5 18. Ne3 Bxe2 19. Qxe2 e5 20. Nc4 Nh5 21. g3 Bf6 22. Nf3 Bg7 23. Bg5 f6 24. Bd2 Qc7 25. Ra8 Ra7 26. Rxa7 Qxa7 27. Nxd6 Rd8 28. Nc4 Bf8 29. Nh2 Ng7 30. Ng4 Ne8 31. Qe3 Qc7 32. Ra1 Nd7 33. c3 bxc3 34. Bxc3 Nb6 35. Ba5 Nxc4 36. Bxc7 Nxe3 37. Bxd8 Nxg4 38. hxg4 Nd6 39. f3 Nc4 40. Bxf6 Bd6 41. Ra8+ Kf7 42. Bg5 Nxb2 43. Ra7+ Ke8 44. Rxh7 c4 45. Kf2 c3 46. Ke2 c2 47. Kd2 Nc4+ 48. Kxc2 1-0

[Event "GER-chW Blitz 2019"]
[Site "Magdeburg"]
[Date "2019.05.25"]
[Round "20.12"]
[White "Lubbe, Melanie"]
[Black "Ries, Jutta"]
[Result "1-0"]
[ECO "A45"]
[WhiteElo "2278"]
[BlackElo "2017"]
[Annotator "NA"]
[PlyCount "109"]
[EventDate "2019.05.25"]
[EventType "tourn"]
[EventCountry "GER"]
[SourceTitle "playchess.com"]
[Source "ChessBase"]
[SourceQuality "1"]
[TimeControl "180+2"]

1. d4 Nf6 2. Nc3 c6 3. e4 d5 4. e5 Nfd7 5. f4 e6 6. Nf3 c5 7. Be3 Nc6 8. Qd2 a6 9. dxc5 Bxc5 10. Bxc5 Nxc5 11. O-O-O Qa5 12. a3 b5 13. Nd4 Bd7 14. Nxc6 Bxc6 15. Qd4 Nd7 16. f5 Qb6 17. Qf4 Nf8 18. Bd3 a5 19. Rhf1 O-O-O 20. Qf2 Qb7 21. fxe6 fxe6 22. Ne2 Nd7 23. Qe3 Rhf8 24. Nd4 Nc5 25. Kb1 Nxd3 26. cxd3 Bd7 27. Rc1+ Kb8 28. Rxf8 Rxf8 29. Qg3 Bc8 30. Nb3 a4 31. Nc5 Qb6 32. Qe3 Ka7 33. Qd4 Rf7 34. Qb4 Rc7 35. d4 Kb8 36. Rf1 g5 37. Rf8 Ka7 38. Qd2 Rxc5 39. dxc5 Qxc5 40. Qf2 Qxf2 41. Rxf2 Kb6 42. Rf7 Kc6 43. Rxh7 d4 44. Kc2 Kd5 45. Kd3 Kxe5 46. Rc7 Ba6 47. Rc5+ Kd6 48. Kxd4 g4 49. Rg5 Bb7 50. Rxg4 Bd5 51. Rg6 Ke7 52. h4 Kf7 53. Rg5 Kf6 54. Rxd5 exd5 55. Kxd5 1-0